 Dungeon Crawl Stone Soup version 0.32-a0-871-ge202e49faa (webtiles) character file.

Game seed: 8419732196738365100

424508 Biggs the Slayer (level 23, -3/206 HPs)
             Began as a Coglin Hunter on Mar 29, 2024.
             Was the Champion of Okawaru.
             Killed from afar by an ironbound frostheart (31 damage)
             ... by creeping frost
             ... led by a vault warden
             ... on level 5 of the Vaults.
             The game lasted 01:23:08 (33906 turns).

Biggs the Slayer (Coglin Hunter)                   Turns: 33906, Time: 01:23:09

Health: -3/206     AC: 19    Str: 17    XL:     23   Next: 57%
Magic:  30/30      EV: 29    Int:  9    God:    Okawaru [******]
Gold:   5287       SH:  0    Dex: 27    Spells: 27/31 levels left

rFire   + . .        M - +7 hand cannon "Mule" {flame, backblast, rF+}
rCold   . . .        D - +9 hand cannon (freeze) {Yeongsuk}
rNeg    . . .        R - +3 troll leather armour of the Rhinotaur {Will++ Regen+ Str+4}
rPois   +            W - +2 helmet
rElec   .            U - +2 cloak {rPois}
rCorr   +            g - +2 pair of gloves
SInv    .            E - +2 pair of boots
Will    +++..        (amulet unavailable)
Stlth   ++           (ring unavailable)
HPRegen 1.34/turn    (ring unavailable)
MPRegen 0.22/turn    n - hypersecondary module {AutoDazzle, rPois rCorr Slay+3}

%: no passive effects
@: revved
A: off-hand wielding, slow wielding, warmup strikes, no jewellery, deformed body
}: 2/15 runes: decaying, gossamer
a: Renounce Religion, Heroism, Finesse, Duel


You were on level 5 of the Vaults.
You worshipped Okawaru.
Okawaru was exalted by your worship.
You visited 8 branches of the dungeon, and saw 37 of its levels.
You also visited: Sewer and Bailey.

You collected 7843 gold pieces.
You spent 2556 gold pieces at shops.

Inventory:

Hand Weapons
 D - a +9 hand cannon of freezing (offhand) {Yeongsuk}
 F - the +2 hand cannon "Wussimua" {freeze, rCorr}
   (Okawaru gifted it to you on level 2 of the Lair of Beasts)

   rCorr:     It protects you from acid and corrosion.
 M - the +7 hand cannon "Mule" (weapon) {flame, backblast, rF+}
   (You acquired it on level 10 of the Dungeon)

   rF+:       It protects you from fire.
Missiles
 r - 2 throwing nets
Armour
 g - a +2 pair of gloves (worn)
 E - a +2 pair of boots (worn)
 R - the +3 troll leather armour of the Rhinotaur (worn) {Will++ Regen+ Str+4}
   (Okawaru gifted it to you on level 2 of the Lair of Beasts)

   Str+4:     It affects your strength (+4).
   Will++:    It greatly increases your willpower.
   Regen+:    It increases your rate of health regeneration.
 U - a +2 cloak of poison resistance (worn)
 W - a +2 helmet (worn)
Gizmo
 n - a hypersecondary module (installed) {AutoDazzle, rPois rCorr Slay+3}
   (You invented it yourself on level 4 of the Lair of Beasts)

   [hypersecondary module]

   AutoDazzle: It sometimes fires a blinding ray at enemies whose attacks you
   dodge.
   Slay+3:    It affects your accuracy & damage with ranged weapons and melee
   (+3).
   rPois:     It protects you from poison.
   rCorr:     It protects you from acid and corrosion.
Wands
 a - a wand of paralysis (54)
 x - a wand of roots (58)
 y - a wand of acid (24)
 I - a wand of polymorph (6)
 J - a wand of mindburst (34)
 K - a wand of digging (17)
 P - a wand of flame (81)
Scrolls
 b - a scroll of butterflies
 c - 12 scrolls of enchant weapon
 d - 2 scrolls of brand weapon
 l - 8 scrolls of poison
 m - 9 scrolls of teleportation
 o - 8 scrolls of revelation
 p - 3 scrolls of blinking
 B - 8 scrolls of immolation
 G - 4 scrolls of torment
 H - 6 scrolls of vulnerability
 O - 4 scrolls of fog
 Q - a scroll of silence
 S - 7 scrolls of amnesia
 T - 13 scrolls of identify
 V - 2 scrolls of fear
 Y - a scroll of enchant armour
Potions
 e - 2 potions of resistance
 f - 17 potions of curing
 h - 2 potions of berserk rage
 k - 7 potions of ambrosia
 q - 5 potions of attraction
 s - 2 potions of magic
 t - 6 potions of cancellation
 u - 5 potions of heal wounds
 v - 8 potions of haste
 w - 6 potions of invisibility
 z - 9 potions of might
 A - 5 potions of mutation
 C - 5 potions of lignification
 L - 5 potions of enlightenment
 N - 2 potions of brilliance
Miscellaneous
 X - a tin of tremorstones (2/2)
 Z - a Gell's gravitambourine (2/2)


   Skills:
 + Level 23.1 Fighting
 - Level 18.0 Ranged Weapons
 - Level 9.5 Armour
 - Level 18.1 Dodging
 - Level 0.7 Stealth
 - Level 4.9 Spellcasting
 - Level 11.5 Hexes
 - Level 12.5 Translocations
 - Level 8.0 Invocations


You had 27 spell levels left.
You knew the following spells:

 Your Spells              Type           Power      Damage    Failure   Level
a - Dimensional Bullseye  Hex/Tloc       11%        N/A       1%          4

Your spell library contained the following spells:

 Spells                   Type           Power      Damage    Failure   Level
 Apportation              Tloc           48%        N/A       1%          1
 Slow                     Hex            92%        N/A       1%          1
 Blink                    Tloc           48%        N/A       1%          2
 Jinxbite                 Hex            46%        N/A       1%          2
 Lesser Beckoning         Tloc           48%        N/A       1%          2
 Confusing Touch          Hex            23%        N/A       1%          3
 Momentum Strike          Conj/Tloc      26%        3d8       3%          2
 Ensorcelled Hibernation  Hex/Ice        24%        N/A       4%          2
 Volatile Blastmotes      Fire/Tloc      26%        2d12      6%          3
 Dazzling Flash           Conj/Hex       24%        N/A       8%          3
 Inner Flame              Hex/Fire       12%        N/A       8%          3
 Iskenderun's Mystic Bla Conj/Tloc 13%            2d5        (+2d2     22%         4
 Anguish                  Hex/Necr       6%         N/A       26%         4
 Kiss of Death            Conj/Necr      8%         2d6       28%         1
 Magic Dart               Conj           8%         1d3       28%         1
 Necrotise                Necr           8%         1d4       28%         1
 Sandblast                Erth           4%         2d4       28%         1
 Sting                    Conj/Alch      8%         1d3       28%         1
 Mercury Vapours          Alch/Air       4%         N/A       41%         2
 Searing Ray              Conj           4%         2d4       41%         2
 Static Discharge         Conj/Air       4%         3-4/arc   41%         2
 Metabolic Englaciation   Hex/Ice        6%         N/A       58%         5
 Silence                  Hex/Air        6%         N/A       58%         5
 Fugue of the Fallen      Necr           2%         N/A       65%         3
 Mephitic Cloud           Conj/Alch/Air  2%         N/A       65%         3
 Stone Arrow              Conj/Erth      4%         3d7       65%         3
 Vampiric Draining        Necr           2%         2d6       65%         3
 Airstrike                Air            1%         2d(1-17)  96%         4
 Brom's Barrelling Bould  Conj/Erth      2%         2d3       96%         4
 Flame Wave               Conj/Fire      2%         2d4       96%         4
 Fulminant Prism          Conj/Alch      1%         3d5       96%         4
 Leda's Liquefaction      Alch/Erth      1%         N/A       96%         4
 Olgreb's Toxic Radiance  Alch           2%         N/A       96%         4
 Petrify                  Alch/Erth      2%         N/A       96%         4
 Sticky Flame             Fire/Alch      2%         2d4       96%         4
 Alistair's Intoxication  Alch           1%         N/A       100%        5
 Borgnjor's Vile Clutch   Necr/Erth      1%         N/A       100%        5
 Curse of Agony           Necr           2%         N/A       100%        5
 Freezing Cloud           Conj/Ice/Air   1%         6-21      100%        5
 Lee's Rapid Deconstruct  Erth           1%         3d4*      100%        5
 Eringya's Noxious Bog    Alch           1%         4d6       100%        6
 Permafrost Eruption      Ice/Erth       1%         2x4d2     100%        6
 Starburst                Conj/Fire      1%         6d3       100%        6
 Orb of Destruction       Conj           1%         9d5       100%        7
 Maxwell's Capacitive Co  Air            1%         ∞         100%        8
 Chain Lightning          Conj/Air       1%         3d1       100%        9
 Fire Storm               Conj/Fire      1%         7d1       100%        9
 Shatter                  Erth           1%         3d5*      100%        9
 Tukima's Dance           Hex            Unusable   N/A       N/A         3
 Call Imp                 Summ           Unusable   N/A       N/A         2
 Summon Forest            Summ/Tloc      Unusable   N/A       N/A         5
 Animate Dead             Necr           Unusable   N/A       N/A         4
 Martyr's Knell           Necr/Summ      Unusable   N/A       N/A         4
 Summon Blazeheart Golem  Fire/Summ      Unusable   N/A       N/A         4
 Summon Lightning Spire   Summ/Air       Unusable   N/A       N/A         4
 Death Channel            Necr           Unusable   N/A       N/A         6
 Haunt                    Necr/Summ      Unusable   N/A       N/A         7
 Spellforged Servitor     Conj/Summ      Unusable   N/A       N/A         7
 Summon Hydra             Summ           Unusable   N/A       N/A         7

Dungeon Overview and Level Annotations

Branches:
Dungeon (13/15)            Temple (1/1) D:5            Lair (5/5) D:11
  Swamp (4/4) Lair:3       Spider (4/4) Lair:3        Slime (0/5) Lair:5
    Orc (2/2) D:10            Elf (3/3) Orc:2        Vaults (5/5) D:13
  Crypt (0/3) Vaults:2      Sewer (visited)          Bailey (visited)

Altars:
Ashenzari
Cheibriados
Dithmenos
Elyvilon
Fedhas
Gozag
Hepliaklqana
Kikubaaqudgha
Makhleb
Nemelex Xobeh
Okawaru
Qazlal
Ru
Sif Muna
Trog
Uskayaw
Vehumet
Wu Jian
Xom
Yredelemnul
Zin
The Shining One
Beogh
Jiyva

Shops:
D:5 ??*   D:6 !   D:7 :   D:9 (   D:10 =   D:13 !   Orc:2 *[:(!   Elf:3 (
Vaults:4 *

Portals:
Hell: Lair:5
Trove: D:12 (give +4 shadow dragon scales)

Annotations:
D:4 2 transporters, redkitty's ghost, amateur FoHs
D:11 3 runed translucent doors, TwadoKnight's ghost, journeyman MiFi


Innate Abilities, Weirdness & Mutations

You can wield a second weapon in your off-hand.
It takes a long time for you to wield or remove held weapons.
Your first few attacks do less damage.
You cannot equip rings or amulets.
Armour fits poorly on your strangely shaped body.


Message History

Press: ? - help, Q - select action, (/) - cycle Shift-Dir - straight line You can't see that place.
You can't see that place.
Okay, then.
Unknown command.
Unknown command.
Okay, then.
Fire: M) +7 hand cannon "Mule" {flame, backblast, rF+}
Press: ? - help, Q - select action, (/) - cycle Shift-Dir - straight line, f - ironbound frostheart
Aim: an ironbound frostheart, wearing a +0 ring mail (magical condensation, 83% to hit)
You shoot a slug.
The slug hits the ironbound frostheart!!
The slug burns the ironbound frostheart.
The ironbound frostheart is heavily wounded.
You shoot a slug.
The slug closely misses the ironbound frostheart.
The tengu reaver hits you with a +3 great sword!
The tengu reaver pecks you.
* * * LOW HITPOINT WARNING * * *
The tengu reaver claws you but does no damage.
The ironbound frostheart calls freezing cold from the walls.
The frost grips you!!!
* * * LOW HITPOINT WARNING * * *
Unknown command.
Blink to where?
Press: ? - help, Dir - move target, p - ironbound frostheart
As you read the scroll of blinking, it crumbles to dust.
The ice encasing you melts away.
Fire: M) +7 hand cannon "Mule" {flame, backblast, rF+}
Press: ? - help, Q - select action, (/) - cycle Shift-Dir - straight line You shoot a slug.
The slug hits the tengu reaver!!!
The slug freezes the tengu reaver!
The tengu reaver is severely wounded.
You shoot a slug. The slug hits the tengu reaver!!!
The slug burns the tengu reaver!
You kill the tengu reaver!
Okawaru accepts your kill.
The ironbound frostheart calls freezing cold from the walls.
The frost grips you!!
You die...

########### ##########
........... .........#
........... .......#
....#######################....#
.............)†○@○..........)..#
..###'########..###########.#[.#
..# #........#..# #.#.(# ..#
#........#..# #.#..# ..#
#........#..# #.#..# ..#
#........#..# #.#..# ..#
#........#°°# #.#..# ..#
#........#p$# #.#.)# ..#
#........#.))...... #))#


You could see an ironbound frostheart.

Vanquished Creatures
  Frederick (Vaults:2)
  An ancient lich (Vaults:5)
  the Lernaean hydra (Swamp:4)
  Nikola (Swamp:4)
  4 golden dragons (Vaults:5)
  Arachne (Spider:3)
  3 tentacled monstrosities (Vaults:5)
  Zenata (Vaults:2)
  Mlioglotl (Spider:4)
  4 titans
  2 deep elf master archers (Elf:3)
  Asterion (Spider:4)
  9 sphinxes
  2 deep elf blademasters (Elf:3)
  Agnes (Spider:2)
  2 shadow dragons
  5 tengu reavers
  2 thorn hunters
  Donald (Elf:2)
  A fenstrider witch (Swamp:2)
  2 storm dragons (Vaults:5)
  2 iron dragons
  2 fire giants (Vaults:5)
  3 frost giants
  7 emperor scorpions
  21 vault wardens
  4 deep elf sorcerers
  5 deep elf elementalists
  Louise (Spider:2)
  2 ghouls (Swamp:4)
  4 ghost moths
  18 ironbound preservers
  2 orc warlords (Orc:2)
  9 ironbound thunderhulks
  4 very ugly things
  5 stone giants
  12 deep elf death magi
  10 deep elf demonologists
  2 eleionomae
  14 dire elephants
  2 spark wasps
  Azrael (Spider:1)
  10 deep elf annihilators
  3 bunyips
  5 ettins
  6 deep elf high priests
  11 yaktaur captains
  9 entropy weavers
  2 peacekeepers
  9 great orbs of eyes
  A shambling mangrove (Swamp:3)
  36 vault guards
  20 hydras
  Fannar (D:10)
  A catoblepas (D:11)
  3 radroaches
  7 ghost crabs
  4 jorogumos
  9 alligators
  3 ogre magi
  10 ironbound frosthearts
  6 two-headed ogres
  Erica (Lair:1)
  32 dancing weapons
  7 boulder beetles
  11 centaur warriors
  A death knight (Vaults:2)
  12 death yaks (Lair:5)
  2 deep troll earth magi (Vaults:5)
  4 tengu warriors
  2 vampire magi (Vaults:2)
  4 orc high priests (Orc:2)
  5 demonic crawlers
  18 deep elf knights
  A sixfirhy (Lair:5)
  3 skeletal warriors (D:12)
  Lodul (D:11)
  7 pharaoh ants
  A shining eye (shapeshifter) (Vaults:5)
  8 goliath frogs
  A skyshark (Lair:3)
  14 swamp dragons
  22 deep trolls
  4 sun moths
  4 large abominations (Elf:1)
  3 obsidian bats
  A glowing orange brain (Vaults:4)
  23 ironbound convokers
  2 bog bodies
  4 steelbarb worms
  8 orb spiders
  12 deep elf archers
  6 spriggan druids
  7 arcanists
  6 orc knights
  3 phantasmal warriors
  2 thermic dynamos
  33 deep elf pyromancers
  8 lindwurms
  18 deep elf zephyrmancers
  7 necromancers
  34 wolf spiders
  5 will-o-the-wisps
  12 ugly things
  A sphinx simulacrum (Vaults:3)
  A faun (shapeshifter) (Vaults:5)
  8 cyclopes
  3 oklob plants (Lair:5)
  3 moths of wrath
  4 manticores (D:12)
  4 orc sorcerers (Orc:2)
  An elephant (Lair:5)
  4 black mambas
  A rust devil (D:9)
  2 kobold blastminers
  5 meliai
  2 smoke demons
  5 torpor snails
  A guardian serpent (Elf:1)
  A black mamba (shapeshifter) (D:12)
  19 vault sentinels
  3 apocalypse crabs (Swamp:1)
  Maggie (Lair:1)
  2 orange demons (Lair:5)
  14 cane toads
  Jeremiah (Lair:1)
  2 unseen horrors
  A gargoyle (D:12)
  3 rime drakes
  29 yaktaurs
  2 tengu conjurers (D:13)
  11 komodo dragons
  A yaktaur (shapeshifter) (Vaults:3)
  2 ice devils (Lair:5)
  A freezing wraith (D:12)
  A bloated husk (Swamp:1)
  A red devil (Lair:5)
  A polar bear (Lair:4)
  Prince Ribbit (D:5)
  38 tarantellas
  10 hornets
  6 trolls
  7 tyrant leeches
  A dream sheep (Lair:5)
  20 blink frogs
  37 jumping spiders
  A slime creature (shapeshifter) (Vaults:5)
  3 air elementals
  20 slime creatures
  A spriggan (shapeshifter) (D:13)
  22 culicivoras
  3 vampires
  14 spriggans
  5 wraiths
  64 yaks
  2 water elementals (Elf:1)
  5 wyverns
  A shadow (D:12)
  9 fire elementals
  Eustachio (D:5)
  18 humans (D:13)
  9 vampire mosquitoes
  3 basilisks
  2 wargs (Orc:2)
  A redback (shapeshifter) (Vaults:2)
  49 redbacks
  A steam dragon (D:8)
  12 swamp worms
  3 acid dragons
  24 water moccasins
  Duvessa (D:4)
  A black bear (shapeshifter) (D:12)
  6 hell hounds
  3 sky beasts
  7 swamp drakes (Swamp:4)
  46 orc warriors
  A deep troll simulacrum (Vaults:3)
  9 ice beasts
  9 ogres
  2 black bears
  2 laughing skulls (D:12)
  6 centaurs
  6 wolves (Lair:2)
  4 elf zombies
  A phantom (D:5)
  3 kobold brigands
  16 bullfrogs
  2 gnoll sergeants
  6 earth elementals
  Dowan (D:4)
  7 wights
  15 killer bees
  6 howler monkeys
  3 electric eels (D:10)
  2 bombardier beetles
  5 hounds
  25 orc priests
  5 jellies
  2 sleepcaps
  6 iguanas
  37 orc wizards
  6 hell rats (Lair:1)
  11 gnolls
  12 adders
  3 river rats (Sewer)
  A shadow imp (D:6)
  3 white imps
  2 ufetubi (D:6)
  A ribbon worm (D:2)
  92 orcs
  10 ball pythons
  14 endoplasms
  8 giant cockroaches
  4 goblins
  8 hobgoblins
  2 quokkas
  5 bats
  7 frilled lizards
  12 kobolds
  5 rats
1676 creatures vanquished.

Vanquished Creatures (others)
  A hornet (Swamp:4)
  A spriggan (Swamp:4)
  A swamp drake (Swamp:4)
  12 foxfires
15 creatures vanquished.

Grand Total: 1691 creatures vanquished

Notes
Turn   | Place    | Note
-------+----------+-------------------------------------------
     0 | D:1      | Biggs the Coglin Hunter began the quest for the Orb.
     0 | D:1      | Reached XP level 1. HP: 16/16 MP: 1/1
    81 | D:1      | Reached XP level 2. HP: 22/22 MP: 2/2
   103 | D:1      | Found a faded altar of an unknown god.
   324 | D:1      | You fall into a shaft and drop 1 floor!
   796 | D:2      | Reached XP level 3. HP: 27/27 MP: 3/3
  1243 | D:2      | Reached skill level 5 in Ranged Weapons
  1243 | D:2      | Reached XP level 4. HP: 28/33 MP: 4/4
  1461 | D:3      | Found a glowing drain.
  1589 | Sewer    | Entered a sewer
  1605 | Sewer    | Reached XP level 5. HP: 38/38 MP: 5/5
  1770 | Sewer    | Found a viscous altar of Jiyva.
  1816 | Sewer    | Reached XP level 6. HP: 44/44 MP: 6/6
  2503 | D:4      | Noticed redkitty's ghost (amateur FoHs)
  2504 | D:4      | Found a transporter.
  2593 | D:4      | Found a transporter.
  2667 | D:4      | Found a sacrificial altar of Ru.
  2831 | D:4      | Noticed Duvessa
  2833 | D:4      | Noticed Dowan
  2840 | D:4      | Killed Duvessa
  2841 | D:4      | Reached XP level 7. HP: 28/50 MP: 7/7
  2842 | D:4      | Killed Dowan
  3164 | D:5      | Entered Level 5 of the Dungeon
  3164 | D:5      | Noticed Prince Ribbit
  3164 | D:5      | Found Heylauq's Magic Scroll Emporium.
  3297 | D:5      | Killed Prince Ribbit
  3334 | D:5      | Bought a scroll of identify for 28 gold pieces
  3334 | D:5      | Bought a scroll of identify for 28 gold pieces
  3334 | D:5      | Bought a scroll of teleportation for 42 gold pieces
  3334 | D:5      | Bought a scroll of teleportation for 42 gold pieces
  3338 | D:5      | Identified 2 scrolls of acquirement
  3406 | D:5      | Reached XP level 8. HP: 55/56 MP: 8/8
  3472 | D:5      | Found Josourhemu's Magic Scroll Boutique.
  3490 | D:5      | Found Alodoin's General Store.
  3493 | D:5      | Bought a scroll of identify for 22 gold pieces
  3493 | D:5      | Bought a scroll of identify for 22 gold pieces
  3505 | D:5      | Acquired a +6 hand cannon of draining
  3528 | D:5      | Acquired 788 gold pieces
  3531 | D:5      | Bought a scroll of identify for 22 gold pieces
  3531 | D:5      | Bought a wand of roots (5) for 132 gold pieces
  3536 | D:5      | Bought a scroll of teleportation for 33 gold pieces
  3536 | D:5      | Bought a scroll of teleportation for 33 gold pieces
  3536 | D:5      | Bought a scroll of brand weapon for 104 gold pieces
  3536 | D:5      | Bought a scroll of revelation for 82 gold pieces
  3536 | D:5      | Bought a scroll of fear for 44 gold pieces
  3711 | D:5      | Noticed Eustachio
  3721 | D:5      | Killed Eustachio
  3873 | D:5      | Found a staircase to the Ecumenical Temple.
  3896 | Temple   | Entered the Ecumenical Temple
  3913 | Temple   | Became a worshipper of Warmaster Okawaru
  3952 | D:5      | Reached skill level 10 in Ranged Weapons
  4478 | D:6      | Reached * piety under Okawaru
  4481 | D:6      | Reached XP level 9. HP: 48/61 MP: 9/9
  4542 | D:6      | Identified the +1 glaive "Neikowk" {flame, rPois Dex+2
                  | Stlth+}
  4628 | D:6      | Reached skill level 5 in Dodging
  4982 | D:6      | Found Odaokh's Distillery.
  4989 | D:6      | Bought a potion of heal wounds for 75 gold pieces
  4989 | D:6      | Bought a potion of heal wounds for 75 gold pieces
  4989 | D:6      | Bought a potion of curing for 45 gold pieces
  4989 | D:6      | Bought a potion of haste for 150 gold pieces
  5361 | D:7      | Found Xoenkiph's Book Emporium.
  5410 | D:7      | Found a bloodstained altar of Trog.
  5410 | D:7      | Found a shimmering blue altar of Sif Muna.
  5410 | D:7      | Found an ancient bone altar of Kikubaaqudgha.
  5436 | D:7      | Reached ** piety under Okawaru
  5860 | D:7      | Found an ornate altar of the Wu Jian Council.
  5942 | D:7      | Found a glowing golden altar of the Shining One.
  6006 | D:7      | Reached XP level 10. HP: 64/68 MP: 10/10
  6008 | D:7      | Reached *** piety under Okawaru
  6019 | D:7      | Reached skill level 3 in Fighting
  6137 | D:7      | Found a sparkling altar of Nemelex Xobeh.
  6366 | D:8      | Reached skill level 4 in Fighting
  6366 | D:8      | Noticed a cyclops
  6374 | D:8      | Killed a cyclops
  6375 | D:8      | Reached skill level 5 in Fighting
  6505 | D:8      | Reached **** piety under Okawaru
  6505 | D:8      | Noticed a two-headed ogre
  6542 | D:8      | Killed a two-headed ogre
  6678 | D:8      | Found a flagged portal.
  6694 | Bailey   | Entered a bailey
  7028 | Bailey   | Found a roughly hewn altar of Beogh.
  7028 | Bailey   | Noticed an orc knight
  7028 | Bailey   | Noticed an orc knight
  7187 | Bailey   | Killed an orc knight
  7188 | Bailey   | Reached XP level 11. HP: 44/79 MP: 11/11
  7313 | Bailey   | Killed an orc knight
  7328 | Bailey   | Identified the +2 arbalest of Severance {penet, Dex+7 SInv}
  7509 | D:8      | Found a broken altar of Ashenzari.
  7791 | D:8      | Noticed a two-headed ogre
  7798 | D:8      | Killed a two-headed ogre
  7857 | D:9      | Reached ***** piety under Okawaru
  8120 | D:9      | Found Bearchiup's Weapon Shoppe.
  8143 | D:9      | Found a glowing silver altar of Zin.
  8300 | D:9      | Received a gift from Okawaru
  8878 | D:10     | Entered Level 10 of the Dungeon
  9021 | D:10     | Noticed Fannar
  9029 | D:10     | Killed Fannar
  9154 | D:10     | Found a staircase to the Orcish Mines.
  9387 | D:10     | Found Elomusk's Jewellery Emporium.
  9412 | D:10     | Reached skill level 15 in Ranged Weapons
  9412 | D:10     | Reached XP level 12. HP: 86/86 MP: 12/12
  9460 | D:10     | Received a gift from Okawaru
  9637 | D:10     | Acquired the +7 hand cannon "Mule" {flame, backblast, rF+}
  9637 | D:10     | Found the +7 hand cannon "Mule" {flame, backblast, rF+}
  9862 | D:11     | Found a staircase to the Lair.
  9878 | D:11     | Noticed a catoblepas
  9881 | D:11     | Killed a catoblepas
  9905 | D:11     | Noticed Lodul
  9915 | D:11     | Killed Lodul
 10121 | D:11     | Noticed a two-headed ogre
 10122 | D:11     | Killed a two-headed ogre
 10182 | D:11     | Found a runed translucent gate.
 10248 | D:11     | Received a gift from Okawaru
 10361 | D:11     | Found a runed translucent gate.
 10361 | D:11     | Found a runed translucent gate.
 10361 | D:11     | Noticed TwadoKnight's ghost (journeyman MiFi)
 10493 | D:12     | Noticed a two-headed ogre
 10497 | D:12     | Killed a two-headed ogre
 10505 | D:12     | Noticed a tengu warrior
 10512 | D:12     | Identified the +9 war axe "Nayxiot" {speed, *Noise rPois
                  | Dex+4}
 10512 | D:12     | Noticed a tengu warrior
 10693 | Lair:1   | Entered Level 1 of the Lair of Beasts
 10769 | Lair:1   | Noticed Jeremiah
 10778 | Lair:1   | Killed Jeremiah
 10831 | Lair:1   | Received a gift from Okawaru
 10905 | Lair:1   | Reached XP level 13. HP: 91/91 MP: 13/13
 11085 | Lair:1   | Noticed Maggie
 11087 | Lair:1   | Killed Maggie
 11294 | Lair:1   | Noticed Erica
 11314 | Lair:1   | Killed Erica
 11597 | Lair:2   | Reached ****** piety under Okawaru
 11660 | Lair:2   | Reached skill level 6 in Fighting
 11667 | Lair:2   | Acquired the +3 troll leather armour of the Rhinotaur
                  | {Will++ Regen+ Str+4}
 11667 | Lair:2   | Received a gift from Okawaru
 11681 | Lair:2   | Acquired the +2 hand cannon "Wussimua" {freeze, rCorr}
 11681 | Lair:2   | Received a gift from Okawaru
 11816 | Lair:2   | Received a gift from Okawaru
 12000 | Lair:2   | Reached skill level 7 in Fighting
 12361 | Lair:2   | Reached skill level 8 in Fighting
 12600 | Lair:3   | Reached skill level 9 in Fighting
 12602 | Lair:3   | Received a gift from Okawaru
 12626 | Lair:3   | Found a staircase to the Swamp.
 12676 | Lair:3   | Found a hole to the Spider Nest.
 12842 | Lair:3   | Reached skill level 10 in Fighting
 13309 | Lair:4   | Reached skill level 1 in Invocations
 13461 | Lair:4   | Reached XP level 14. HP: 110/110 MP: 16/16
 13907 | Lair:5   | Entered Level 5 of the Lair of Beasts
 13915 | Lair:5   | Reached skill level 5 in Invocations
 13929 | Lair:5   | Found a viscous altar of Jiyva.
 13985 | Lair:4   | Acquired a hypersecondary module {AutoDazzle, rPois rCorr
                  | Slay+3}
 14000 | Lair:5   | Received a gift from Okawaru
 14002 | Lair:5   | Found a staircase to the Slime Pits.
 14090 | Lair:5   | Noticed a dire elephant
 14094 | Lair:5   | Killed a dire elephant
 14151 | Lair:5   | Found a burning altar of Makhleb.
 14171 | Lair:5   | Received a gift from Okawaru
 14177 | Lair:5   | Found a gateway to Hell.
 14179 | Lair:5   | Got an earthy gem with 216 turns to spare
 14314 | Lair:5   | Reached skill level 11 in Fighting
 14382 | Lair:5   | Received a gift from Okawaru
 14470 | Lair:5   | Reached skill level 12 in Fighting
 14476 | Lair:5   | Reached XP level 15. HP: 119/120 MP: 21/21
 15029 | Orc:1    | Entered Level 1 of the Orcish Mines
 15048 | Orc:1    | Received a gift from Okawaru
 15049 | Orc:1    | Reached skill level 13 in Fighting
 15290 | Orc:2    | Entered Level 2 of the Orcish Mines
 15290 | Orc:2    | Found Fioc's Distillery.
 15359 | Orc:2    | Bought 2 potions of heal wounds for 160 gold pieces
 15359 | Orc:2    | Bought a potion of curing for 48 gold pieces
 15415 | Orc:2    | Found a staircase to the Elven Halls.
 15429 | Orc:2    | Noticed an orc warlord
 15440 | Orc:2    | Killed an orc warlord
 15808 | Orc:2    | Reached skill level 14 in Fighting
 15815 | Orc:2    | Received a gift from Okawaru
 15825 | Orc:2    | Noticed an orc warlord
 15831 | Orc:2    | Killed an orc warlord
 15945 | Orc:2    | Found Qetefys's Antique Armour Boutique.
 15946 | Orc:2    | Found Imant's Antique Weapon Shop.
 15948 | Orc:2    | Found Qemabas's General Store.
 15948 | Orc:2    | Found Rois's Book Boutique.
 15953 | Orc:2    | Bought a scroll of teleportation for 48 gold pieces
 15963 | Orc:2    | Bought a glowing scarf for 320 gold pieces
 15975 | Orc:2    | Bought a wand of roots (5) for 192 gold pieces
 15975 | Orc:2    | Bought a wand of digging (4) for 268 gold pieces
 16211 | Swamp:1  | Entered Level 1 of the Swamp
 16233 | Swamp:1  | Reached skill level 15 in Fighting
 16233 | Swamp:1  | Received a gift from Okawaru
 16234 | Swamp:1  | Reached skill level 1 in Armour
 16251 | Swamp:1  | Noticed a thorn hunter
 16254 | Swamp:1  | Killed a thorn hunter
 16487 | Swamp:1  | Found a runed translucent door.
 16490 | Swamp:1  | Reached skill level 5 in Armour
 16575 | Swamp:1  | Received a gift from Okawaru
 16790 | Swamp:1  | Learned a level 4 spell: Dimensional Bullseye
 16807 | Swamp:1  | Reached XP level 16. HP: 132/136 MP: 22/22
 16994 | Swamp:1  | Identified the +11 whip of Didda {protect, Dex+4}
 16997 | Swamp:1  | Identified the +1 quarterstaff of Ipse Dixit {drain, Str+2
                  | SInv}
 17115 | Swamp:2  | Noticed a fenstrider witch
 17119 | Swamp:2  | Killed a fenstrider witch
 17126 | Swamp:2  | Identified the granite talisman of Cheibriados's Pride
                  | {Str+6 Int+5}
 17155 | Swamp:2  | Received a gift from Okawaru
 17173 | Swamp:2  | Identified the +1 chain mail of Uvekuk {Rampage Regen+
                  | Dex-3}
 18089 | Swamp:4  | Entered Level 4 of the Swamp
 18098 | Swamp:4  | Received a gift from Okawaru
 18251 | Swamp:4  | Reached skill level 10 in Dodging
 18330 | Swamp:4  | Noticed Nikola
 18338 | Swamp:4  | Killed Nikola
 18462 | Swamp:4  | Received a gift from Okawaru
 18510 | Swamp:4  | Noticed a thorn hunter
 18514 | Swamp:4  | Killed a thorn hunter
 18523 | Swamp:4  | Reached XP level 17. HP: 138/142 MP: 23/23
 18565 | Swamp:4  | Noticed the 27-headed Lernaean hydra
 18576 | Swamp:4  | Killed the 27-headed Lernaean hydra
 18576 | Swamp:4  | Received a gift from Okawaru
 18639 | Swamp:4  | Got a decaying rune of Zot
 19072 | Spider:1 | Entered Level 1 of the Spider Nest
 19696 | Spider:1 | Received a gift from Okawaru
 19947 | Spider:1 | Noticed Azrael
 19952 | Spider:1 | Killed Azrael
 20113 | Spider:1 | Found a roughly hewn altar of Beogh.
 20186 | Spider:2 | Noticed Agnes
 20186 | Spider:2 | Noticed Louise
 20521 | Spider:2 | Killed Louise
 20605 | Spider:2 | Killed Agnes
 20736 | Spider:2 | Received a gift from Okawaru
 20788 | Spider:2 | Reached skill level 15 in Dodging
 21173 | Spider:3 | Reached XP level 18. HP: 143/149 MP: 24/24
 21283 | Spider:3 | Noticed Arachne
 21284 | Spider:3 | Received a gift from Okawaru
 21296 | Spider:3 | Killed Arachne
 21783 | Spider:4 | Entered Level 4 of the Spider Nest
 21953 | Spider:4 | Noticed Asterion
 21962 | Spider:4 | Killed Asterion
 21991 | Spider:4 | Noticed Mlioglotl
 21999 | Spider:4 | Killed Mlioglotl
 21999 | Spider:4 | Received a gift from Okawaru
 22438 | Spider:4 | Received a gift from Okawaru
 22709 | Spider:4 | Got a gossamer rune of Zot
 23026 | Elf:1    | Entered Level 1 of the Elven Halls
 23058 | Elf:1    | Received a gift from Okawaru
 23068 | Elf:1    | Reached XP level 19. HP: 155/155 MP: 25/25
 23270 | Elf:1    | Got the Secrets of Rot
 23279 | Elf:1    | Found a radiant altar of Vehumet.
 23302 | Elf:1    | Paralysed by an air elemental for 1 turns
 23331 | Elf:1    | Reached skill level 16 in Fighting
 24240 | Elf:2    | Reached skill level 17 in Fighting
 24240 | Elf:2    | Received a gift from Okawaru
 24615 | Elf:2    | Found a runed translucent gate.
 24636 | Elf:2    | Found a runed translucent gate.
 24637 | Elf:2    | Found a runed translucent gate.
 24732 | Elf:2    | Received a gift from Okawaru
 24748 | Elf:2    | Reached skill level 18 in Fighting
 24837 | Elf:2    | Noticed Donald
 24846 | Elf:2    | Killed Donald
 25040 | Elf:3    | Entered Level 3 of the Elven Halls
 25080 | Elf:3    | Found an ancient bone altar of Kikubaaqudgha.
 25226 | Elf:3    | Received a gift from Okawaru
 25339 | Elf:3    | Reached skill level 19 in Fighting
 25346 | Elf:3    | Reached XP level 20. HP: 131/174 MP: 20/26
 25485 | Elf:3    | Received a gift from Okawaru
 25498 | Elf:3    | Identified the staff "Menint" {Int+3 Dex+4 Hexes Earth}
 25572 | Elf:2    | Found an ancient bone altar of Kikubaaqudgha.
 25654 | Elf:3    | Identified the ring "Boonnoblu" {Fly rC+ rN+ Int+3}
 25780 | Elf:3    | Identified the +3 mace of Discord {flame, rCorr Str+4}
 25783 | Elf:3    | Reached skill level 20 in Fighting
 25967 | Elf:3    | Identified the +6 plate armour of the Raven {Will- Str+4}
 26020 | Elf:3    | Identified the +3 orcbow of Tyezirph {heavy, rC+ Dex+5}
 26033 | Elf:3    | Received a gift from Okawaru
 26047 | Elf:3    | Identified the +2 arbalest "Zuup" {penet, +Blink rElec
                  | Str+6}
 26059 | Elf:3    | Found Wecsuuba's Antique Weapon Boutique.
 26152 | Elf:3    | Identified the +0 scale mail "Xoubaoc" {Will+ Str+6 Stlth+}
 26493 | D:12     | Found the +10 dark maul {heavy}
 26780 | D:12     | Found a portal to a secret trove of treasure.
 27247 | D:13     | Reached skill level 21 in Fighting
 27371 | D:13     | Received a gift from Okawaru
 27412 | D:13     | Found Dimetz's Distillery.
 27428 | D:13     | Bought a potion of curing for 51 gold pieces
 27428 | D:13     | Bought a potion of curing for 51 gold pieces
 27428 | D:13     | Bought a potion of heal wounds for 85 gold pieces
 27428 | D:13     | Bought a potion of curing for 51 gold pieces
 27428 | D:13     | Bought a potion of heal wounds for 85 gold pieces
 27428 | D:13     | Bought a potion of haste for 170 gold pieces
 27595 | D:13     | Found a gate to the Vaults.
 27704 | Vaults:1 | Entered Level 1 of the Vaults
 28548 | Vaults:1 | Received a gift from Okawaru
 28549 | Vaults:1 | Reached skill level 22 in Fighting
 28791 | Vaults:2 | Reached XP level 21. HP: 189/189 MP: 27/27
 29172 | Vaults:2 | Noticed Zenata
 29186 | Vaults:2 | Killed Zenata
 29229 | Vaults:2 | Found a staircase to the Crypt.
 29274 | Vaults:2 | Reached skill level 1 in Spellcasting
 29274 | Vaults:2 | Reached skill level 1 in Hexes
 29274 | Vaults:2 | Reached skill level 1 in Translocations
 29413 | Vaults:2 | Identified the orb "Loddoreng" {light, ^Drain rN+++ Conj
                  | Summ}
 29413 | Vaults:2 | Noticed Frederick
 29420 | Vaults:2 | Killed Frederick
 29464 | Vaults:2 | Received a gift from Okawaru
 29904 | Vaults:2 | Reached skill level 5 in Translocations
 29919 | Vaults:2 | Received a gift from Okawaru
 29938 | Vaults:2 | Reached skill level 5 in Hexes
 30338 | Vaults:2 | Received a gift from Okawaru
 30503 | Vaults:3 | Reached XP level 22. HP: 198/198 MP: 28/28
 31275 | Vaults:3 | Received a gift from Okawaru
 31576 | Vaults:4 | Found Wometz's General Store.
 31583 | Vaults:4 | Bought a scroll of teleportation for 48 gold pieces
 31743 | Vaults:4 | Identified the ring "Plog" {Fly Int+3}
 32550 | Vaults:4 | Received a gift from Okawaru
 32676 | Vaults:5 | Entered Level 5 of the Vaults
 32692 | Vaults:5 | Reached skill level 10 in Translocations
 32845 | Vaults:5 | Identified the ring "Jigopp Diss" {rPois rC+ Dex+6 SInv
                  | Stlth-}
 32872 | Vaults:5 | Reached skill level 10 in Hexes
 32967 | Vaults:5 | Received a gift from Okawaru
 32979 | Vaults:5 | Noticed a golden dragon
 32985 | Vaults:5 | Killed a golden dragon
 33038 | Vaults:5 | Reached XP level 23. HP: 205/205 MP: 29/29
 33093 | Vaults:5 | Noticed a golden dragon
 33096 | Vaults:5 | Killed a golden dragon
 33124 | Vaults:5 | Noticed a golden dragon
 33127 | Vaults:5 | Killed a golden dragon
 33166 | Vaults:5 | Noticed a golden dragon
 33170 | Vaults:5 | Killed a golden dragon
 33170 | Vaults:5 | Received a gift from Okawaru
 33268 | Vaults:5 | Gained mutation: Armour fits poorly on your strangely
                  | shaped body. [a shining eye]
 33505 | Vaults:5 | Received a gift from Okawaru
 33509 | Vaults:5 | Noticed an ancient lich
 33515 | Vaults:5 | Killed an ancient lich
 33795 | Vaults:5 | Acquired 795 gold pieces
 33845 | Vaults:5 | Reached skill level 23 in Fighting
 33888 | Vaults:5 | Identified the ring of Pantheism {Wiz ^Drain rElec rC+++
                  | MP+9}
 33906 | Vaults:5 | Killed from afar by an ironbound frostheart

Illustrated notes

Levels and vault maps discovered:
D:1:      amcnicky_arrival_gap_in_the_tavern_cellar, layout_rooms,
          chequers_ecumenical_altar_simple, serial_forest,
          infiniplex_forest_corner_2, infiniplex_forest_lined_2,
          infiniplex_forest_lined_corner, infiniplex_forest_clump_long,
          infiniplex_forest_lined_1, infiniplex_forest_clump_long,
          infiniplex_forest_fountain, infiniplex_forest_end_2,
          infiniplex_forest_clump_double
D:2:      minmay_chambers_of_twos, layout_loops_cross, chequers_decorated_corner
D:3:      layout_basic, gup_sewer_entry_glass
D:4:      layout_basic, marbit_many_paths, gammafunk_ghost_arena,
          glass_columns_b, uniq_duvessa
D:5:      layout_basic, temple_green, serial_shops, shop_scrolls,
          nicolae_stop_n_shop_2, shop, serial_bayou, serial_bayou_lagoon_b,
          serial_bayou_lake_a, serial_bayou_crossing, serial_bayou_pond_b,
          uniq_eustachio, uniq_prince_ribbit1
D:6:      layout_basic, serial_shops, nicolae_shop_industrial_runoff,
          chequers_garden, chequers_serial_rivers_small_3
D:7:      nicolae_whirlpool, layout_rooms, mainiacjoe_overflow_alcove_1,
          nemelex_diamond_rough_becter, nicolae_tso_swordbearing_angel,
          gammafunk_temple_overflow_forgotten, serial_shops, shop,
          grunt_decor_arrowhead, minmay_microvault
D:8:      layout_cave_pools, ashenzari_altar_1, enter_bailey_4,
          kennysheep_path_1, minmay_chambers_of_fives
D:9:      hangedman_cross_stitches, layout_stronghold, lemuel_crystal_altar,
          serial_shops, nicolae_shop_hallway_plus, nicolae_where_there's_smoke
D:10:     minmay_twisted_water, layout_stronghold, orc_0_dummy, serial_shops,
          shop, lightli_minifort, uniq_fannar
D:11:     layout_cave_pools, lair_entry_dummy, ebering_ghost_rock_garden,
          uniq_lodul
D:12:     minmay_the_grid_octo_tiled_squarecenter_mashed
          [minmay_the_grid_octo_focus, minmay_the_grid_octo_teeth,
          minmay_the_grid_octo_concentric, minmay_the_grid_octo_checkered,
          minmay_the_grid_square_5x5_megaprize_open,
          minmay_the_grid_square_5x5_plus, minmay_the_grid_square_5x5_z,
          minmay_the_grid_square_5x5_checkered_sparse,
          minmay_the_grid_square_5x5_two_walls_a], layout_loops_ring,
          enter_trove_5, kennysheep_cross_room
D:13:     layout_big_octagon, grunt_vaults_entry_tiered, serial_shops,
          nicolae_shop_getting_attention
Temple:   nicolae_temple_figure_eight
Lair:1:   layout_cave_pods, uniq_erica, uniq_jeremiah, uniq_maggie
Lair:2:   layout_cave_pods, grunt_megastairs_3
Lair:3:   layout_long_grid, minmay_swamp_entry_worms,
          spider_nest_entry_web_field, chequers_serial_rivers_large_b
Lair:4:   layout_misc_corridors, infiniplex_staircase_pool_2
Lair:5:   evil_forest, layout_gridlike, minmay_slime_entry_oklob_open,
          serial_bayou_shore_b
Swamp:1:  gammafunk_mikee_crab_dinner, layout_falls_marsh,
          hangedman_swamp_ruin_wall
Swamp:2:  tekkud_swamp_unearthing_site, layout_basic_swamp,
          evilmike_swamp_ruin_house_2, nicolae_swamp_trees_clearing
Swamp:3:  layout_basic_swamp, evilmike_swamp_ruin_wall
Swamp:4:  swamp_old_school, layout_basic_swamp, swamp_pool_1_2, uniq_nikola
Spider:1: nicolae_spider_mines_2, hangedman_spider_tarantella_strand,
          uniq_azrael
Spider:2: layout_cave_pods, nicolae_spider_nooks_and_crannies, uniq_agnes,
          uniq_louise
Spider:3: layout_spider_delve, nicolae_arachne_temple
Spider:4: johnstein_spider_rune_arachne_lair, uniq_mlioglotl, uniq_asterion
Orc:1:    layout_diamond_mine
Orc:2:    st_orc_congregation, layout_caves, serial_shops, shop, mines2_lemuel
Elf:1:    eino_elf_arrival_shootout, layout_onion_city, basic_altar,
          minmay_elf_necromancy, fake_guardian_serpent_vault
Elf:2:    nicolae_elf_blades_splatter_lattice
          [nicolae_blade_entry_diamond_columns], layout_loops_cross,
          lemuel_upstairs_altar, uniq_donald
Elf:3:    grunt_elf_hall_branching, layout_geoelf_grid, serial_shops, shop,
          basic_altar, minivault_20
Vaults:1: nicolae_vaults_variable_pillar_hall_cross, vaults_dpeg_diagonal,
          nicolae_vaults_closet_pinwheel_2, nicolae_vaults_big_angled_halls,
          v_misc_30, vaults_room_semicircle, nicolae_vaults_tetromino_Z_2,
          layout_vaults_omnigrid
Vaults:2: dpeg_vaults_pockets_of_resistance, hangedman_vaults_trim,
          nicolae_vaults_alarming, minmay_crypt_entry_simple_box,
          nicolae_vaults_network_quinsquares
          [nicolae_vaults_network_quincunx_subvault,
          nicolae_vaults_network_quincunx_subvault,
          nicolae_vaults_network_quincunx_subvault,
          nicolae_vaults_network_quincunx_subvault], v_misc_15,
          nicolae_vaults_three_branches, nicolae_vaults_heart-shaped_vault,
          layout_vaults_omnicross, uniq_frederick, uniq_zenata
Vaults:3: vaults_room_fours, v_misc_14, hangedman_vaults_trim,
          nicolae_vaults_diamond_2, v_misc_27, nicolae_vaults_oval_intersection,
          nicolae_vaults_closet_pinwheel_3, v_misc_3, nicolae_vaults_swerve,
          hangedman_vaults_pinch, nicolae_vaults_layer_cake_slice,
          nicolae_vaults_museum, nicolae_vaults_asterisk,
          layout_vaults_maze_bifur
Vaults:4: nicolae_vaults_surprise_closet, st_octagons_2,
          ontoclasm_vaults_ligature, nicolae_vaults_mitosis, v_misc_3,
          nicolae_vaults_asterisk, vaults_mumra_hex,
          nicolae_vaults_closet_pinwheel_3, nicolae_vaults_door_testing_chamber,
          nicolae_vaults_diamond_2, layout_vaults_chaotic_city, serial_shops,
          shop
Vaults:5

Skill      XL: |  1  2  3  4  5  6  7  8  9 10 11 12 13 14 15 16 17 18 19 20 21 22 23 |
---------------+----------------------------------------------------------------------+-----
Ranged Weapons | 4 5 6 7 8 10 12 15 17 18 | 18.0
Dodging        | 4 8 11 15 18 | 18.1
Fighting       | 5 10 12 15 19 22 23 | 23.1
Invocations    | 3 8 |  8.0
Armour         | 5 9 |  9.5
Spellcasting   | 2 4 |  4.9
Hexes          | 6 10 11 | 11.5
Translocations | 7 11 12 | 12.5
Stealth        | |  0.7

Action                     |  1- 3 |  4- 6 |  7- 9 | 10-12 | 13-15 | 16-18 | 19-21 | 22-24 || total
---------------------------+-------+-------+-------+-------+-------+-------+-------+-------++-------
  Melee: Hand cannon       |       |       |       |       |       |    13 |       |       ||    13
   Fire: Sling             |   156 |   280 |   310 |   325 |       |       |       |       ||  1071
         Hand cannon       |       |       |   152 |   503 |  1246 |  1650 |  1834 |   968 ||  6353
   Cast: Dimensional Bulls |       |       |       |       |       |       |       |     1 ||     1
 Invoke: Receive Weapon    |       |       |       |       |     1 |       |       |       ||     1
         Receive Armour    |       |       |       |       |     1 |       |       |       ||     1
         Finesse           |       |       |       |       |     2 |     4 |     4 |     2 ||    12
Ability: Invent Gizmo      |       |       |       |       |     1 |       |       |       ||     1
    Use: Scroll            |       |     1 |    15 |    16 |     9 |     6 |     7 |     5 ||    59
         Potion            |       |       |     1 |     7 |       |     6 |     1 |     2 ||    17
 Armour: Leather armour    |     8 |    24 |    64 |   113 |       |       |       |       ||   209
         Troll leather arm |       |       |       |       |    83 |   199 |   162 |    62 ||   506
         Acid dragon scale |       |       |       |       |     3 |       |       |       ||     3
  Dodge: Dodged            |    12 |    24 |    55 |   163 |    94 |   341 |   266 |    74 ||  1029

Table legend: (Time is in decaauts)
 A = Elapsed time spent in this place.
 B = Non-inter-level travel time spent in this place.
 C = Inter-level travel time spent in this place.
 D = Time resting spent in this place.
 E = Time spent auto-exploring this place.
 F = Levels seen in this place.
 G = Mean time per level.
                   A        B        C        D        E       F      G
               +--------+--------+--------+--------+--------+-----+--------+
         Total |  34516 |  32308 |   2208 |   1140 |  24811 |  39 |  885.0 |
       Dungeon |  11419 |  10774 |    645 |    437 |   8522 |  13 |  878.4 |
        Temple |     32 |     18 |     14 |      0 |      0 |   1 |   32.0 |
          Lair |   4586 |   4119 |    467 |     42 |   3323 |   5 |  917.2 |
         Swamp |   3218 |   2829 |    389 |     78 |   2235 |   4 |  804.5 |
   Spider Nest |   3639 |   3361 |    278 |     90 |   2415 |   4 |  909.8 |
  Orcish Mines |   1130 |   1009 |    121 |      0 |    767 |   2 |  565.0 |
   Elven Halls |   3299 |   3200 |     99 |    243 |   2221 |   3 | 1099.7 |
        Vaults |   6178 |   5983 |    195 |     34 |   4756 |   5 | 1235.6 |
         Sewer |    304 |    304 |      0 |      0 |    195 |   1 |  304.0 |
        Bailey |    706 |    706 |      0 |    216 |    375 |   1 |  706.0 |
               +--------+--------+--------+--------+--------+-----+--------+

Top non-repeatable levels by time:
Vaults:2: 1644 daAuts
Vaults:4: 1297 daAuts
     D:5: 1223 daAuts
Vaults:5: 1206 daAuts
   Elf:2: 1140 daAuts
    D:12: 1109 daAuts
    D:10: 1093 daAuts
     D:7: 1092 daAuts
   Elf:3: 1087 daAuts
   Elf:1: 1071 daAuts
Vaults:1: 1070 daAuts
 Swamp:4: 1056 daAuts
Spider:4: 1045 daAuts
     D:9: 1040 daAuts
  Lair:2: 1004 daAuts
